Unix NetHack Version 3.7.0-102 Work-in-progress - last build Apr 6 2024 13:22:21 (d302a6a9ff6341f1a922d8f5af178406b35fdf99,branch:master). Game began 2024-04-22 12:06:33, ended 2024-04-24 08:55:52. joes, neutral female human Valkyrie :s -----------## ............#0 | |..*.C.GE...(#@###(##. |..{.*- ###########-!..@dd%"...| | |....f..d...| ------------ q Joes the Fighter St:18 Dx:13 Co:18 In:9 Wi:11 Ch:8 Neutral Dlvl:12 $:1109 HP:0(88) Pw:31(31) AC:-3 Xp:9 T:5151 3.7.0-102 Latest messages: The mountain centaur picks up 2043 gold pieces. Something is written here in the dust. You read: "El?ereth". Tamey misses the gnome king. The mountain centaur picks up 2 gems called w glass. d - 9 rocks. Tamey bites the gnome king. What do you want to ready? What do you want to write with? Do you want to add to the current engraving? [ynq] (y) You wipe out the message that was written in the dust here. You write in the dust with your fingertip. Something is written here in the dust. You read: "Elbereth". You see here a gray stone. Tamey misses the gnome king. The fire elemental turns to flee. The ochre jelly turns to flee. You hear a nearby zap. The sleep ray hits you! The housecat picks up an uncursed +0 dagger. You dream that you hear some noises in the distance. The housecat drops an uncursed +0 dagger. A lance misses you. Tamey bites the gnome king. The gnome king wields a dagger! The dagger welds itself to the gnome king's hand! You dream that you hear some noises. The mountain centaur thrusts one of his daggers. The mountain centaur hits! [HP -2, 23 left] The mountain centaur misses! The mountain centaur kicks! [HP -3, 20 left] The mountain centaur thrusts one of his daggers. The mountain centaur hits! [HP -7, 13 left] The mountain centaur kicks! [HP -3, 10 left] The mountain centaur kicks again! [HP -1, 9 left] Tamey drops a gremlin corpse. You dream that you see the centipede hide under a pair of lenses. The mountain centaur thrusts one of his daggers. The mountain centaur hits! [HP -10, -1 left] You die... Do you want your possessions identified? [ynq] (y) Do you want to see your attributes? [ynq] (n) Do you want to see your conduct and achievements? [ynq] (n) Inventory: Coins ('$') $ - 1109 gold pieces Amulets ('"') Z - an uncursed amulet of ESP (being worn) Weapons (')') k - 10 uncursed +0 daggers (at the ready) n - a blessed +2 spear named +2 (weapon in right hand) o - an uncursed +0 glaive Armor ('[') C - an uncursed +0 dwarvish iron helm (being worn) L - an uncursed +0 pair of low boots (being worn) c - an uncursed +3 small shield (being worn) G - an uncursed +0 dwarvish cloak (being worn) H - a blessed +0 dwarvish mithril-coat (being worn) Comestibles ('%') r - an uncursed slime mold R - 3 uncursed eucalyptus leaves F - an uncursed food ration z - 2 uncursed lizard corpses Rings ('=') b - an uncursed ring of conflict I - an uncursed ring of free action W - an uncursed ring of levitation Q - an uncursed ring of searching (on left hand) y - an uncursed ring of shock resistance U - an uncursed ring of slow digestion (on right hand) Wands ('/') J - an uncursed wand of cancellation (0:4) Y - an uncursed wand of fire (0:7) D - an uncursed wand of magic missile (0:7) i - an uncursed wand of slow monster (0:4) p - an uncursed wand of striking (0:3) S - an uncursed wand of striking (0:1) Tools ('(') f - an uncursed mirror a - an uncursed +0 pick-axe w - an uncursed skeleton key K - an uncursed stethoscope B - an uncursed towel l - an uncursed +0 unicorn horn Gems/Stones ('*') m - an uncursed touchstone d - 9 uncursed rocks Joes the Valkyrie's attributes: Background: You were a Fighter, a level 9 human Valkyrie. You were neutral, on a mission for Odin who was opposed by Tyr (lawful) and Loki (chaotic). You were right-handed. You were in the Dungeons of Doom, on level 12. You entered the dungeon 5151 turns ago. There was a full moon in effect when your adventure ended. You had 3061 experience points, 2059 more were needed to attain level 10. Basics: You had 0 out of 88 hit points. You had all 31 energy points (spell power). Your armor class was -3. Your wallet contained 1109 zorkmids. Autopickup was on for '$?!/' plus thrown. Final Characteristics: Your strength was 18 (limit:18/100). Your dexterity was 13 (limit:18). Your constitution was 18 (limit:18). Your intelligence was 9 (limit:18). Your wisdom was 11 (limit:18). Your charisma was 8 (limit:18). Final Status: You weren't hungry. You were unencumbered. You were wielding a spear. You had basic skill with spear and could have enhanced that. Final Attributes: You were piously aligned. Your items were somewhat protected from fire. You were cold resistant. Your items were somewhat protected from cold. You were poison resistant. You were telepathic. You had automatic searching. You were stealthy. You had slower digestion. You were guarded. You were fast. You were lucky. You are dead. Miscellaneous: You encountered 1 bones level. Total elapsed playing time was 2 hours, 34 minutes and 46 seconds. Major events: Turn 1: joes the neutral human Valkyrie entered the dungeon 535: entered the Gnomish Mines 562: attained the rank of Skirmisher (level 3) 1607: attained the rank of Fighter (level 6) 2012: entered Sokoban 2406: completed 1st Sokoban level 5066: destroyed Grouchy's ghost, the former Magician 5151: killed by a mountain centaur, while sleeping Vanquished creatures: an umber hulk a ghost a long worm an energy vortex a mountain centaur a pyrolisk a warg 4 gremlins an ochre jelly 8 small mimics 2 pythons 2 soldiers 4 winter wolf cubs a lynx 3 owlbears 2 yetis a chameleon a giant beetle a jaguar a gray unicorn a black unicorn a dust vortex 2 orc mummies a snake a werewolf a Woodland-elf 2 lizards a bugbear a wood nymph a water nymph 2 giant ants 2 dwarves 5 hill orcs 2 rock piercers 2 rabid rats 2 centipedes a fog cloud 2 gnome leaders a gray ooze 3 elf zombies a straw golem a floating eye a kitten a homunculus 5 cave spiders 12 gnomes an iguana a hobbit a large kobold a giant rat a yellow mold a shrieker 2 jackals a kobold 2 goblins 2 sewer rats 3 lichens 2 newts 111 creatures vanquished. No species were genocided or became extinct. Voluntary challenges: You read items or engraved 18 times. You engraved Elbereth 11 times. You never genocided any monsters. You never polymorphed an object. You used no wishes. You did not violate any of the special Sokoban rules. Achievements: You entered the Gnomish Mines. You attained the rank of Skirmisher. You attained the rank of Fighter. You entered Sokoban. You entered a shop. The Dungeons of Doom: levels 1 to 12 Level 1: Level 2: A fountain. Level 3: Level 4: A fountain. Stairs down to The Gnomish Mines. Level 5: Level 6: "dog" Many fountains. Level 7: A sink. Stairs up to Sokoban, level 6. Level 8: "zoo, books, vault, food, polytrap" An altar to Odin. Level 9: Level 10: Level 11: A general store. Level 12: <- You were here. A fountain. Final resting place for you, killed by a mountain centaur, while sleeping, Grouchy-Wiz-Hum-Mal-Cha, killed by an invisible chameleon imitating an ape, while praying. The Gnomish Mines: Level 5: Sokoban: Level 6: "uni" Solved. Game over: ---------- / \ / REST \ / IN \ / PEACE \ / \ | joes | | 1109 Au | | killed by a | | mountain centaur | | | | | | 2024 | *| * * * | * _________)/\\_//(\/(/\)/\//\/|_)_______ Farvel joes the Valkyrie... You died in The Dungeons of Doom on dungeon level 12 with 13813 points, and 1109 pieces of gold, after 5151 moves. You were level 9 with a maximum of 88 hit points when you died.